Map: Prüfung von Aiur LE

Players

Panda

  • Race: Zerg Zerg
  • League: Diamond
  • Spawn Location: 5:00

TripleDK - Winner!

  • Race: Terran Terran
  • League: Diamond
  • Spawn Location: 11:00

VOD

Have the link to the VOD?

Description

Time

  • Played on: Sept. 9, 2017, 8:48 p.m.
  • Length: 3:33
Show
View Real Time Build Order
Export as new Build Order

Panda Zerg 

Build Orders: Pool Only 

Get SALT Encoding   

  12  0:01  Drone  
  13  0:18  Extractor  
  12  0:24  Spawning Pool  
  11  0:34  Drone  
  11  0:35  Drone  
  13  0:36  Drone  
  14  0:46  Overlord  
  14  1:11  Zergling x4  
  16  1:18  Queen, Zergling x2  
  19  1:28  Zergling x2  
  20  1:37  Metabolic Boost  
  20  1:40  Zergling x2  
  21  1:49  Overlord  
  21  2:01  Zergling x2  
  22  2:03  Baneling Nest  
  21  2:21  Zergling x2  
  22  2:29  Zergling x8  
  26  2:36  Overlord  
  24  2:52  Baneling x3  
  24  2:53  Baneling  
  24  2:55  Zergling x2  
  25  3:01  Baneling  
  25  3:02  Zergling x8  
Show
View Real Time Build Order
Export as new Build Order

TripleDK Terran - Winner!

Build Orders: Cyclone Opening, Reaper Expand 

Get SALT Encoding   

  12  0:01  SCV  
  13  0:13  SCV  
  14  0:17  Supply Depot  
  14  0:24  Refinery  
  14  0:28  SCV  
  15  0:40  SCV  
  16  0:46  Barracks  
  16  0:52  SCV  
  17  1:04  SCV  
  18  1:16  SCV  
  19  1:32  Orbital Command  
  19  1:33  Reaper  
  19  1:35  Supply Depot  
  20  1:58  Command Center  
  20  2:03  Factory  
  20  2:05  SCV  
  21  2:19  SCV  
  21  2:30  Reaper  
  21  2:31  Bunker, SCV  
  21  2:34  Barracks x2  
  23  2:43  SCV  
  24  2:51  Cyclone  
  24  2:55  SCV  
  24  2:57  Supply Depot  
  27  3:06  Supply Depot  
  27  3:08  SCV  
  28  3:20  SCV  
Tags
 
Add a new tag
Caveats
  • Supply blocks, unpowered buildings, or Contaminate may cause inaccurate times.
  • Supply counts are checked every 10 seconds.